 Dungeon Crawl Stone Soup version 0.18.1-48-g4cf74bf (webtiles) character file.

106 TuxedoFelix the Chopper (level 4, -3/41 HPs)
             Began as a Hill Orc Berserker on July 14, 2016.
             Was an Initiate of Beogh.
             Slain by a polar bear (5 damage)
             ... created by the rage of Trog
             ... on level 3 of the Dungeon.
             The game lasted 00:17:57 (2901 turns).

TuxedoFelix the Chopper (Hill Orc Berserker)        Turns: 2901, Time: 00:17:59

Health: -3/41      AC: 11    Str: 20    XL:     4   Next: 84%
Magic:  4/4        EV:  8    Int:  7    God:    Beogh [......]
Gold:   197        SH:  0    Dex: 10    Spells: 0 memorised, 3 levels left

rFire  . . .     SeeInvis .     a - +0 hand axe
rCold  . . .     Gourm    .     g - +0 chain mail
rNeg   . . .     Faith    .     (no shield)
rPois  .         Spirit   .     (no helmet)
rElec  .         Dismiss  .     x - +0 cloak
rCorr  .         Reflect  .     (no gloves)
SustAt .         Harm     .     t - +0 pair of boots
MR     ++...                    (no amulet)
Stlth  ..........               p - ring of protection from magic
                                f - ring of protection from magic

@: very resistant to hostile enchantments, extremely unstealthy
A: no striking features
a: Renounce Religion


You were on level 3 of the Dungeon.
You worshipped Beogh.
Beogh was noncommittal.
You were near starving.

You visited 1 branch of the dungeon, and saw 3 of its levels.

You collected 197 gold pieces.

Inventory:

Hand Weapons
 a - a +0 hand axe (weapon)
Armour
 g - a +0 chain mail (worn)
 t - a +0 pair of boots (worn)
 x - a +0 cloak (worn)
Jewellery
 f - a ring of protection from magic (left hand)
 p - a ring of protection from magic (right hand)
 w - a +3 ring of dexterity {unknown}
Wands
 m - a wand of random effects (30/48)
 o - a wand of slowing (43/48)
 v - a wand of random effects (29/48)
Scrolls
 b - 2 scrolls of remove curse
 i - a scroll of noise {unknown}
 l - 2 scrolls of identify
Potions
 d - a potion of flight {unknown}
 e - 2 potions of haste {unknown}
 h - 2 potions of mutation {unknown}
 j - a potion of heal wounds {unknown}
 k - a potion of lignification {unknown}
 n - a potion of might {unknown}
 q - 2 potions of resistance {unknown}
 r - a potion of agility {unknown}
 s - a potion of degeneration {unknown}
Comestibles
 c - 3 bread rations
 u - a meat ration


   Skills:
 + Level 4.5 Fighting
 + Level 5.3 Axes
 + Level 3.1 Armour
 + Level 2.1 Dodging


You had 3 spell levels left.
You didn't know any spells.

Dungeon Overview and Level Annotations

Branches:
Dungeon (3/15)

Altars:
Xom


Message History

The black bear claws you.
The black bear claws you but does no damage.
The bat hits you but does no damage.
The black bear bites you but does no damage.
The black bear closely misses you. The black bear barely misses you.
The polar bear bites you!!
Ouch! That really hurt!
* * * LOW HITPOINT WARNING * * *
The polar bear closely misses you. The polar bear barely misses you.
As you read the scroll labeled APEJAUFEADD, it crumbles to dust.
It is a scroll of identify.
Identify which item? (\ to view known items) (? for menu, Esc to quit)
b - 2 scrolls of remove curse The bat misses you.
The black bear bites you!
* * * LOW HITPOINT WARNING * * *
The black bear claws you but does no damage.
The black bear barely misses you.
The polar bear bites you but does no damage.
The polar bear closely misses you. The polar bear claws you.
You die...

##.# .# ..# .# #########
#$# ####.### ........#
##.####.....?. #######.#
#...@b.....##. # #.#
#.hhhh........ # #.#
#...h.....#### # #.#
#.........### # #.#
#...........#
#.#.###.#####.#.......#.#
..............#.......#.#
#<#..#......#.#.......#.#
............#.#.......#.#


You could see 2 polar bears, 3 black bears and a bat.

Vanquished Creatures
  An orc wizard (D:3)
  An adder (D:2)
  An ooze (D:1)
  3 worms (D:2)
  2 dart slugs
  3 giant geckos
  2 orcs (D:3)
  3 giant cockroaches
  2 goblins
  8 hobgoblins
  4 jackals (D:1)
  A kobold (D:2)
  8 bats
  2 giant newts
  6 rats
  2 butterflies (D:2)
49 creatures vanquished.

Vanquished Creatures (others)
  A goblin (D:3)
1 creature vanquished.

Grand Total: 50 creatures vanquished

Notes
Turn   | Place    | Note
--------------------------------------------------------------
     0 | D:1      | TuxedoFelix the Hill Orc Berserker began the quest for the Orb.
     0 | D:1      | Reached XP level 1. HP: 19/19 MP: 1/1
   359 | D:1      | Reached XP level 2. HP: 27/27 MP: 2/2
   655 | D:1      | Reached XP level 3. HP: 33/33 MP: 3/3
   841 | D:2      | Found a shimmering altar of Xom.
   999 | D:2      | Reached ** piety under Trog
  1435 | D:2      | Reached skill level 5 in Axes
  1845 | D:3      | Reached XP level 4. HP: 40/40 MP: 4/4
  2189 | D:3      | Fell from the grace of Trog
  2189 | D:3      | Became a worshipper of Beogh the Brigand
  2896 | D:3      | Noticed a black bear
  2896 | D:3      | Noticed a black bear
  2896 | D:3      | Noticed a black bear
  2896 | D:3      | Noticed a polar bear
  2896 | D:3      | Noticed a polar bear
  2901 | D:3      | HP: 2/41 [black bear[the rage of Trog] (8)]
  2901 | D:3      | Slain by a polar bear

Skill      XL: |  1  2  3  4 |
---------------+-------------+-----
Fighting       | 4 |  4.5
Dodging        | 2 |  2.1
Axes           | 5 |  5.3
Armour         | 3 |  3.1

Action                   |  1- 3 |  4- 6 || total
-------------------------+-------+-------++-------
Melee: Hand axe          |   154 |    57 ||   211
Invok: Convert to Beogh  |       |     1 ||     1
  Use: Scroll            |       |     1 ||     1
  Eat: Bread ration      |     1 |       ||     1
Armor: Ring mail         |     1 |       ||     1
       Chain mail        |    83 |    41 ||   124
Dodge: Dodged            |    71 |    37 ||   108
